 Dungeon Crawl Stone Soup version 0.27-a0-1196-g3e9cee4cb2 (webtiles) character file.

Game seed: 3047127943673249203

81 Glokmah the Chopper (level 4, 0/34 HPs)
             Began as a Demonspawn Gladiator on May 29, 2021.
             Was a Plaything of Xom.
             Succumbed to a kobold brigand's poison
             ... on level 3 of the Dungeon.
             The game lasted 00:03:57 (2776 turns).

Glokmah the Chopper (Demonspawn Gladiator)          Turns: 2776, Time: 00:03:58

Health: 0/34       AC:  4    Str: 14 (15) XL:     4   Next: 20%
Magic:  4/4        EV: 12    Int:  6 (9)  God:    Xom [....*.]
Gold:   94         SH:  0    Dex: 12 (15) Spells: 3/3 levels left

rFire    . . .     SeeInvis .   a - +0 war axe
rCold    . . .     Faith    .   (no shield)
rNeg     . . .     Spirit   .   b - +0 leather armour
rPois    .         Reflect  .   c - +0 helmet
rElec    .         Harm     .   (no cloak)
rCorr    .         Rampage  .   (no gloves)
Will     .....                  (no boots)
Stlth    +.........             (no amulet)
HPRegen  0.11/turn              (no ring)
MPRegen  0.09/turn              (no ring)

@: lethally poisoned (0 -> -3)
A: hooves 2, powered by pain 1
a: Renounce Religion


You were on level 3 of the Dungeon.
You worshipped Xom.
You were a beloved toy of Xom.
You visited 1 branch of the dungeon, and saw 3 of its levels.

You collected 94 gold pieces.

Inventory:

Hand Weapons
 a - a +0 war axe (weapon)
Missiles
 d - a throwing net (quivered)
 f - 4 boomerangs
 j - 3 poisoned darts
Armour
 b - a +0 leather armour (worn)
 c - a +0 helmet (worn)
Scrolls
 e - a scroll of fear {unknown}
 h - a scroll of teleportation {unknown}
 k - a scroll of noise {unknown}


   Skills:
 + Level 2.8 Fighting
 * Level 3.9 Axes
 + Level 2.2 Throwing
 - Level 2.6 Dodging


You had 3 spell levels left.
You didn't know any spells.
Your spell library contained the following spells:

 Spells                   Type           Power      Damage    Failure   Level
 Freeze                   Ice            0%         1d3       54%         1
 Frozen Ramparts          Ice            0%         1d2       88%         3
 Ozocubu's Armour         Ice            0%         N/A       88%         3
 Hailstorm                Conj/Ice       0%         3d3       99%         4
 Metabolic Englaciation   Hex/Ice        0%         N/A       100%        5


Dungeon Overview and Level Annotations

Branches:
Dungeon (3/15)

Altars:
Xom


Innate Abilities, Weirdness & Mutations

You have hoof-like feet.
You sometimes gain a little power by taking damage.


Message History

You feel better. The kobold brigand misses you.
You closely miss the kobold brigand. You kick the kobold brigand.
The kobold brigand is heavily wounded.
Xom alters the dungeon around you.
A door bursts open!
You hear a loud, deep croak!
You hear a shout!
The kobold brigand hits you but does no damage.
Okay, then.
The kobold brigand hits you with a +0 dagger of venom.
* * * LOW HITPOINT WARNING * * *
You are poisoned.
Throw: 3 throwing nets
Press: ? - help, Q - select action, (/) - cycle Shift-Dir - straight line, f/p - kobold brigand
Aim: a kobold brigand, wielding a +0 dagger of venom and quivering curare-tipped darts (heavily wounded, very poisoned, 53% to hit)
You throw a throwing net.
The throwing net barely misses the kobold brigand.
* * * LOW HITPOINT WARNING * * *
You feel sick.
The kobold brigand hits you with a +0 dagger of venom.
* * * LOW HITPOINT WARNING * * *
Throw: 2 throwing nets
Press: ? - help, Q - select action, (/) - cycle Shift-Dir - straight line, f/p - kobold brigand
Aim: a kobold brigand, wielding a +0 dagger of venom and quivering curare-tipped darts (heavily wounded, poisoned, 53% to hit)
You throw a throwing net.
The throwing net closely misses the kobold brigand.
* * * LOW HITPOINT WARNING * * *
You feel sick. The kobold brigand misses you.
A kobold comes into view. It is wielding a +0 club.
It was a potion of degeneration.
There was something very wrong with that liquid.
You feel weakened.
You feel dopey.
You feel clumsy.
* * * LOW HITPOINT WARNING * * *
You feel sick.
A bullfrog comes into view.
The kobold brigand closely misses you.
The bullfrog croaks.
You hit the kobold brigand but do no damage.
The kobold brigand is heavily wounded.
You die...
Xom cackles wildly!

# #. # ## ##'## ..
...##...## .#.
#.#.....## ....
#........#####...#
#........@.)F...#
#........#K)#..##
#.......≈#.(# #
#......≈≈#(.##
#.#....≈≈##K.#
##..≈≈≈≈#(.#
##.≈≈≈≈#K.#
#.≈≈≈≈#((#
#.#≈≈##..#


You could see a kobold brigand (poisoned), a bullfrog and 2 kobolds.

Vanquished Creatures
  3 adders (D:2)
  A worm (D:2)
  3 bats
  4 endoplasms
  3 giant cockroaches
  5 goblins
  9 hobgoblins
  2 jackals (D:2)
  7 kobolds
  5 ball pythons
  2 frilled lizards
  4 rats
48 creatures vanquished.

Notes
Turn   | Place    | Note
-------+----------+-------------------------------------------
     0 | D:1      | Glokmah the Demonspawn Gladiator began the quest for the
                  | Orb.
     0 | D:1      | Reached XP level 1. HP: 16/16 MP: 1/1
   220 | D:1      | Reached skill level 3 in Axes
   446 | D:1      | Gained mutation: You have large cloven feet. [demonic
                  | ancestry]
   446 | D:1      | Reached XP level 2. HP: 20/22 MP: 2/2
   898 | D:1      | Found a faded altar of an unknown god.
   901 | D:1      | Became a worshipper of Xom of Chaos
  1335 | D:2      | XOM: silly message
  1444 | D:2      | XOM: silly message
  1648 | D:2      | Gained mutation: You sometimes gain a little power by
                  | taking damage. [demonic ancestry]
  1648 | D:2      | Reached XP level 3. HP: 24/28 MP: 3/3
  2168 | D:2      | XOM: scenery: 1 doors close
  2201 | D:2      | Gained mutation: You have hoof-like feet. [demonic
                  | ancestry]
  2201 | D:2      | Reached XP level 4. HP: 34/34 MP: 4/4
  2672 | D:3      | XOM: scenery: 2 doors open
  2760 | D:3      | Noticed a kobold brigand
  2771 | D:3      | XOM: scenery: 1 doors open
  2775 | D:3      | HP: 1/34 [poisoned by a kobold brigand]
  2775 | D:3      | Noticed a bullfrog
  2776 | D:3      | Succumbed to a kobold brigand's poison

Illustrated notes

Levels and vault maps discovered:
D:1:      dpeg_chamrin_arrival_tetris, layout_basic,
          hellmonk_ecumenical_altar_inner_sanctum
D:2:      layout_basic, chequers_serial_rivers_micro_b
D:3:      cheibrodos_thug_alley, layout_loops_corners, uniq_ijyb, uniq_jessica

Skill      XL: |  1  2  3 |
---------------+----------+-----
Axes           | 3 |  3.9
Throwing       | 2 |  2.2
Fighting       | |  2.8
Dodging        | |  2.6

Action                   |  1- 3 |  4- 6 || total
-------------------------+-------+-------++-------
Melee: War axe           |    70 |    26 ||    96
       Kick              |    13 |     8 ||    21
Throw: Dart              |       |     6 ||     6
       Throwing net      |       |     2 ||     2
  Use: Scroll            |     3 |       ||     3
       Potion            |       |     2 ||     2
 Stab: Sleeping          |     1 |       ||     1
Armor: Leather armour    |    20 |    15 ||    35
Dodge: Dodged            |    38 |    20 ||    58

Table legend: (Time is in decaauts)
 A = Elapsed time spent in this place.
 B = Non-inter-level travel time spent in this place.
 C = Inter-level travel time spent in this place.
 D = Time resting spent in this place.
 E = Time spent auto-exploring this place.
 F = Levels seen in this place.
 G = Mean time per level.
                   A        B        C        D        E       F      G
               +--------+--------+--------+--------+--------+-----+--------+
         Total |   2812 |   2618 |    194 |      0 |   2223 |   3 |  937.3 |
       Dungeon |   2812 |   2618 |    194 |      0 |   2223 |   3 |  937.3 |
               +--------+--------+--------+--------+--------+-----+--------+

Top non-repeatable levels by time:
     D:2: 1304 daAuts
     D:1: 1247 daAuts
     D:3: 260 daAuts
